 Dungeon Crawl Stone Soup version 0.27-a0-1308-gc08437e49b (webtiles) character file.

Game seed: 3646337763373208519

4456 hatdisgam the Zephyrmancer (level 10, -2/69 HPs)
             Began as a Black Draconian Air Elementalist on June 19, 2021.
             Was a Believer of Makhleb.
             Slain by an orc warrior (15 damage)
             ... on level 9 of the Dungeon.
             The game lasted 00:20:50 (12482 turns).

hatdisgam the Zephyrmancer (DrAE)                  Turns: 12482, Time: 00:20:50

Health: -2/69      AC:  8    Str:  9 (12) XL:     10   Next: 15%
Magic:  5/19       EV: 12    Int: 16 (18) God:    Makhleb [**....]
Gold:   125        SH:  0    Dex: 11      Spells: 13/21 levels left

rFire    . . .     SeeInvis .   q - +4 quarterstaff (chaos)
rCold    . . .     Faith    .   (shield currently unavailable)
rNeg     . . .     Spirit   .   (armour unavailable)
rPois    .         Reflect  .   (helmet restricted)
rElec    +         Harm     .   r - +0 cloak
rCorr    .         Rampage  .   (no gloves)
Will     .....                  (no boots)
Stlth    ++........             (no amulet)
HPRegen  0.21/turn              (no ring)
MPRegen  0.16/turn              (no ring)

@: slowed, very slow
A: breathe lightning, AC +7, unfitting armour, electricity resistance,
cold-blooded
a: Breathe Lightning, Renounce Religion, Minor Destruction


You were on level 9 of the Dungeon.
You worshipped Makhleb.
Makhleb was pleased with you.
You visited 2 branches of the dungeon, and saw 10 of its levels.

You collected 373 gold pieces.
You spent 248 gold pieces at shops.

Inventory:

Hand Weapons
 c - a +0 dagger
 h - a +0 war axe
 n - a +2 dagger of speed
 q - a +4 quarterstaff of chaos (weapon)
 w - a +2 dagger of venom
 z - a +3 scimitar of holy wrath
Armour
 j - a +1 tower shield of fire resistance
 r - a +0 cloak (worn)
 u - a +0 buckler
Jewellery
 i - an amulet of guardian spirit
 y - a ring of magical power
Wands
 a - a wand of iceblast (24)
 p - a wand of flame (20)
 B - a wand of mindburst (15)
 E - a wand of acid (5)
Scrolls
 b - 5 scrolls of amnesia
 d - 2 scrolls of fog {unknown}
 e - a scroll of blinking {unknown}
 g - 7 scrolls of enchant weapon
 l - 3 scrolls of fear {unknown}
 o - 3 scrolls of enchant armour
 s - a scroll of noise {unknown}
 t - 5 scrolls of teleportation
 v - a scroll of silence {unknown}
Potions
 f - 4 potions of attraction
 k - 2 potions of flight
 m - a potion of degeneration
 x - 2 potions of lignification
 A - a potion of invisibility {unknown}
 C - a potion of berserk rage {unknown}
 D - a potion of cancellation {unknown}


   Skills:
 - Level 1.7 Dodging
 - Level 1.7 Stealth
 + Level 6.3 Spellcasting
 * Level 9.4 Conjurations
 * Level 11.6 Air Magic


You had 13 spell levels left.
You knew the following spells:

 Your Spells              Type           Power      Damage    Failure   Level
a - Shock                 Conj/Air       100%       1d9       1%          1
b - Static Discharge      Conj/Air       38%        N/A       1%          2
c - Lightning Bolt        Conj/Air       19%        1d33      4%          5

Your spell library contained the following spells:

 Spells                   Type           Power      Damage    Failure   Level
 Swiftness                Air            42%        N/A       1%          3
 Airstrike                Air            21%        N/A       1%          4


Dungeon Overview and Level Annotations

Branches:
Dungeon (9/15)             Temple (1/1) D:6
   Lair: D:8-11         Orc: D:9-12

Altars:
Ashenzari
Cheibriados
Dithmenos
Elyvilon
Fedhas
Gozag
Hepliaklqana
Kikubaaqudgha
Makhleb
Nemelex Xobeh
Okawaru
Qazlal
Ru
Sif Muna
Trog
Uskayaw
Vehumet
Wu Jian
Xom
Yredelemnul
Zin
The Shining One

Shops:
D:1 (   D:6 ([*   D:7 *:[[   D:9 [

Annotations:
D:7 3 runed translucent doors, HilariousDeathArtist's ghost, novice TrIE


Innate Abilities, Weirdness & Mutations

You can breathe wild blasts of lightning.
Your glossy black scales are hard. (AC +7)
You cannot fit into any form of body armour.
You are resistant to electric shocks. (rElec)
You are cold-blooded and may be slowed by cold attacks.


Message History

You feel better.
The orc warrior is struck by an arc of lightning.
The orc warrior is heavily wounded.
The lightning grounds out.
The wraith hits you. The wraith drains your vigour!
You feel as though you will be slow longer.
Unknown command.
Unknown command.
Unknown command.
Casting: Static Discharge (safe; 1% risk of failure)
Confirm with . or Enter, or press ? or * to list all spells.
The wraith is struck by an arc of lightning.
The wraith is severely damaged.
You resist.
You are struck by an arc of lightning.
The wraith is struck by an arc of lightning.
The wraith is almost destroyed.
The lightning grounds out.
The wraith hits you!
* * * LOW HITPOINT WARNING * * *
The wraith drains your vigour!
You feel as though you will be slow longer.
The wraith hits you.
* * * LOW HITPOINT WARNING * * *
Unknown command.
Casting: Static Discharge (safe; 1% risk of failure)
Confirm with . or Enter, or press ? or * to list all spells.
The wraith is struck by an arc of lightning!
You destroy the wraith!
Makhleb accepts your kill.
The orc warrior is struck by an arc of lightning.
The orc warrior is severely wounded.
Unknown command.
Casting: Static Discharge (safe; 1% risk of failure)
Confirm with . or Enter, or press ? or * to list all spells.
The orc warrior is struck by an arc of lightning.
The orc warrior is almost dead.
You resist.
You are struck by an arc of lightning.
The orc warrior is struck by an arc of lightning.
The orc warrior is almost dead.
The lightning grounds out.
The orc warrior hits you with a +0 battleaxe!
You die...

###.### #.#
##########...###.## .
#.................## ..
############<####... ..
#)# ##.. #. #)## ### ##.
###..######
#..)#########..........
#...)o@................
.....##########..........
... #..)....... .
#########.. #########...
............ #########...
#... #>..


You could see an orc warrior.

Vanquished Creatures
  An unseen horror (D:8)
  A kobold demonologist (D:9)
  A troll (D:6)
  Grinder (D:2)
  2 wraiths
  A steam dragon (D:8)
  3 sky beasts
  3 orc warriors
  An ogre (D:3)
  2 necrophages
  2 centaurs
  A phantom (D:4)
  3 bullfrogs
  Blork the orc (D:4)
  A scorpion (D:6)
  A water moccasin zombie (D:4)
  9 wights
  3 centaur zombies
  A jelly (D:6)
  A gnoll shaman (D:5)
  5 hounds
  Crazy Yiuf (D:3)
  6 orc priests
  3 bullfrog skeletons
  Ijyb (D:3)
  Natasha (thrice) (D:4)
  An iguana (D:4)
  8 orc wizards
  2 scorpion zombies (D:4)
  A killer bee zombie (D:6)
  3 hound zombies (D:4)
  A howler monkey zombie (D:9)
  5 gnolls
  9 adders
  2 white imps (D:6)
  An ufetubus (D:7)
  An adder skeleton (D:4)
  2 worms
  2 dart slugs
  20 orcs
  8 ball pythons
  6 bats
  6 endoplasms
  2 giant cockroaches (D:4)
  9 goblins
  8 hobgoblins
  11 jackals
  12 kobolds
  3 quokkas
  8 frilled lizards
  A quokka zombie (D:4)
  3 rats
193 creatures vanquished.

Vanquished Creatures (others)
  3 withered plants (D:4)
3 creatures vanquished.

Grand Total: 196 creatures vanquished

Notes
Turn   | Place    | Note
-------+----------+-------------------------------------------
     0 | D:1      | hatdisgam the Draconian Air Elementalist began the quest
                  | for the Orb.
     0 | D:1      | Reached XP level 1. HP: 14/14 MP: 3/3
   253 | D:1      | Found Saemoffe's Antique Weapon Shop.
   388 | D:1      | Reached XP level 2. HP: 20/20 MP: 1/5
  1205 | D:2      | Learned a level 2 spell: Static Discharge
  1226 | D:2      | Reached XP level 3. HP: 26/26 MP: 0/6
  1385 | D:2      | Found a faded altar of an unknown god.
  2399 | D:2      | Reached skill level 4 in Air Magic
  2399 | D:2      | Reached XP level 4. HP: 31/33 MP: 0/7
  2839 | D:1      | Bought a glowing dagger for 115 gold pieces
  2994 | D:3      | Noticed an ogre
  3015 | D:3      | Killed an ogre
  3016 | D:3      | Reached XP level 5. HP: 36/38 MP: 0/9
  3181 | D:3      | Noticed Grinder
  3208 | D:3      | Paralysed by Grinder for 2 turns
  3344 | D:2      | Killed Grinder
  3345 | D:2      | Reached skill level 5 in Air Magic
  3345 | D:2      | Reached XP level 6. HP: 29/45 MP: 1/10
  4037 | D:3      | Noticed Ijyb
  4056 | D:3      | Killed Ijyb
  4195 | D:3      | Found a runed translucent door.
  4196 | D:3      | Noticed Crazy Yiuf
  4327 | D:3      | Killed Crazy Yiuf
  4580 | D:4      | Noticed Blork the orc
  4588 | D:4      | Killed Blork the orc
  4589 | D:4      | Your scales start taking on a glossy black colour.
  4589 | D:4      | Reached skill level 6 in Air Magic
  4589 | D:4      | Reached XP level 7. HP: 50/50 MP: 7/12
  4589 | D:4      | Gained mutation: You are resistant to electric shocks.
                  | (rElec) [Black Draconian growth]
  4595 | D:4      | Learned a level 5 spell: Lightning Bolt
  4641 | D:3      | Reached skill level 5 in Conjurations
  4641 | D:3      | Reached skill level 7 in Air Magic
  5024 | D:4      | Noticed Natasha
  5034 | D:4      | Killed Natasha
  5535 | D:4      | Reached XP level 8. HP: 52/57 MP: 14/14
  5575 | D:4      | Reached skill level 8 in Air Magic
  5950 | D:4      | Noticed Natasha
  5953 | D:4      | Killed Natasha
  5986 | D:4      | Noticed Natasha
  5990 | D:4      | Killed Natasha
  6157 | D:5      | Entered Level 5 of the Dungeon
  7461 | D:6      | Found a staircase to the Ecumenical Temple.
  7565 | Temple   | Entered the Ecumenical Temple
  7778 | Temple   | Became a worshipper of Makhleb the Destroyer
  7848 | D:6      | Reached skill level 9 in Air Magic
  8187 | D:6      | Reached skill level 5 in Spellcasting
  8420 | D:6      | Found Sapouwun's Antique Weapon Emporium.
  8426 | D:6      | Found Ecwuis's General Store.
  8426 | D:6      | Found Quvvuniq's Armour Emporium.
  8426 | D:6      | Found Tonom's Distillery.
  8431 | D:6      | Bought a glowing scimitar for 133 gold pieces
  8919 | D:7      | Found Habi's Book Shop.
  9406 | D:6      | Reached * piety under Makhleb
  9619 | D:7      | Reached XP level 9. HP: 59/62 MP: 16/16
  9655 | D:7      | Noticed a troll
  9693 | D:6      | Killed a troll
  9694 | D:6      | Reached skill level 10 in Air Magic
  9968 | D:7      | Found a runed translucent gate.
  9968 | D:7      | Found a runed translucent gate.
  9968 | D:7      | Found a runed translucent gate.
  9990 | D:7      | Found Siyjoijoo's Armour Shop.
 10074 | D:7      | Noticed HilariousDeathArtist's ghost (novice TrIE)
 10093 | D:7      | Found Xoaleav's Assorted Antiques.
 10228 | D:7      | Found Yvikat Wual's Antique Armour Shop.
 11031 | D:8      | Found a broken altar of Ashenzari.
 11218 | D:8      | HP: 2/62 [something (7)]
 11237 | D:8      | Killed an unseen horror
 11238 | D:8      | Reached skill level 11 in Air Magic
 11498 | D:8      | Identified the +0 whip of Doubt {vorpal, Contam *Rage Int+5
                  | Dex+8}
 12105 | D:9      | Noticed a kobold demonologist
 12137 | D:8      | Reached XP level 10. HP: 32/64 MP: 19/19
 12411 | D:9      | Found Qetos's Antique Armour Shoppe.
 12471 | D:9      | Reached ** piety under Makhleb
 12482 | D:9      | Slain by an orc warrior

Illustrated notes

Levels and vault maps discovered:
D:1:      wheals_arrival_linesprint, layout_rooms, serial_shops,
          nicolae_lakefront_shop
D:2:      layout_basic, hellmonk_ecumenical_altar_zigzags, minmay_tetromino_t4
D:3:      layout_rooms, uniq_grinder, uniq_ijyb, uniq_crazy_yiuf_cottage
D:4:      minmay_evil_eye, layout_basic, serial_undead, serial_undead_d,
          serial_undead_e, serial_undead_b, serial_undead_d, uniq_natasha,
          uniq_blork_the_orc
D:5:      layout_cave_pods, nrook_pool_corridor
D:6:      layout_loops_ring, temple_doors_e, minmay_shop_grid_forest,
          minmay_misc_feat_cross, minmay_hedge_maze, corexii_checkpoint_a
D:7:      layout_cave_pools, serial_shops, kennysheep_mini, nicolae_shop_trees,
          nicolae_shop_window_shopping, shop_statue, gammafunk_ghost_icy,
          hellmonk_bongcloud_opening
D:8:      layout_rooms, nicolae_overflow_hidden_temple,
          kennysheep_generic_room_10
D:9:      wad_guarded_room, layout_rooms, serial_shops, nicolae_take_the_stairs
Temple:   kilobyte_greek_temple

Skill      XL: |  1  2  3  4  5  6  7  8  9 |
---------------+----------------------------+-----
Conjurations   | 2 3 4 5 7 9 |  9.4
Air Magic      | 4 5 6 7 9 11 | 11.6
Spellcasting   | 3 4 5 6 |  6.3
Dodging        | |  1.7
Stealth        | |  1.7

Action                   |  1- 3 |  4- 6 |  7- 9 | 10-12 || total
-------------------------+-------+-------+-------+-------++-------
Melee: Unarmed           |     4 |       |       |       ||     4
       War axe           |    15 |     5 |       |       ||    20
       Tailslap          |     2 |     4 |    31 |       ||    37
       Dagger            |       |    37 |       |       ||    37
       Quarterstaff      |       |       |   331 |    13 ||   344
 Cast: Shock             |    96 |    66 |    30 |       ||   192
       Static Discharge  |       |    15 |    27 |    15 ||    57
 Abil: Breathe Lightning |       |       |    13 |     1 ||    14
  Use: Scroll            |       |       |     6 |       ||     6
       Potion            |       |       |     6 |       ||     6
 Stab: Sleeping          |     1 |       |     5 |       ||     6
       Distracted        |       |       |     1 |       ||     1
       Paralysed         |       |       |     3 |       ||     3
Armor: Skin              |     4 |    18 |   221 |     8 ||   251
Dodge: Dodged            |    25 |    40 |   261 |    16 ||   342

Table legend: (Time is in decaauts)
 A = Elapsed time spent in this place.
 B = Non-inter-level travel time spent in this place.
 C = Inter-level travel time spent in this place.
 D = Time resting spent in this place.
 E = Time spent auto-exploring this place.
 F = Levels seen in this place.
 G = Mean time per level.
                   A        B        C        D        E       F      G
               +--------+--------+--------+--------+--------+-----+--------+
         Total |  12606 |  11969 |    637 |   2459 |   7891 |  10 | 1260.6 |
       Dungeon |  12356 |  11754 |    602 |   2459 |   7691 |   9 | 1372.9 |
        Temple |    249 |    214 |     35 |      0 |    200 |   1 |  249.0 |
               +--------+--------+--------+--------+--------+-----+--------+

Top non-repeatable levels by time:
     D:6: 2230 daAuts
     D:2: 2119 daAuts
     D:8: 1654 daAuts
     D:4: 1616 daAuts
     D:3: 1470 daAuts
     D:1: 1144 daAuts
     D:5: 1098 daAuts
     D:7: 561 daAuts
     D:9: 462 daAuts
  Temple: 249 daAuts
